 Dungeon Crawl Stone Soup version 0.31-a0-1-g4198be8af4 (console) character file.

Game seed: 4590074725304997934

63945 jejorda2 the Impaler (level 15, -13/122 HPs)
             Began as a Merfolk Berserker on Apr 30, 2023.
             Was a High Priest of Trog.
             Succumbed to Nessos's dark miasma
             ... on level 5 of the Lair of Beasts.
             The game lasted 00:56:23 (17755 turns).

jejorda2 the Impaler (Merfolk Berserker)           Turns: 17755, Time: 00:56:23

Health: -13/122    AC: 26    Str: 28    XL:     15   Next: 11%
Magic:  15/15      EV: 10    Int:  8    God:    Trog [*****.]
Gold:   1276       SH:  0    Dex: 14    Spells: 14/14 levels left

rFire   . . .        a - +3 glaive (heavy)
rCold   + . .        (shield currently unavailable)
rNeg    . . .        J - +0 plate armour
rPois   .            Q - +2 hat
rElec   .            M - +2 cloak of Misanthropy {Str+5}
rCorr   .            E - +2 pair of gloves
SInv    .            A - melded +2 pair of boots
Will    +....        T - amulet of faith Stlth
                     q - ring of protection from cold
HPRegen 0.40/turn    L - +4 ring of protection
MPRegen 0.14/turn

%: faith
@: lethally poisoned (-13 -> -114), on berserk cooldown, slowed, quick
A: nimble swimmer 2, mertail
a: Renounce Religion, Berserk, Trog's Hand, Brothers in Arms


You were on level 5 of the Lair of Beasts.
You worshipped Trog.
Trog was extremely pleased with you.
You visited 3 branches of the dungeon, and saw 18 of its levels.
You visited the Abyss 1 time.
You also visited: Bailey.

You collected 1276 gold pieces.

Inventory:

Hand Weapons
 a - a +3 heavy glaive (weapon)
 b - a +4 halberd of flaming
Missiles
 c - 113 stones
 j - a datura-tipped dart
 r - 4 silver boomerangs
 u - 21 poisoned darts
 x - 27 boomerangs (quivered)
Armour
 n - a +0 helmet
 A - a +2 pair of boots (melded)
 E - a +2 pair of gloves (worn)
 J - a +0 plate armour (worn)
 M - the +2 cloak of Misanthropy (worn) {Str+5}
   (You acquired it in a bailey)

   Str:       It affects your strength (+5).
 Q - a +2 hat (worn)
Jewellery
 d - a ring of see invisible
 q - a ring of protection from cold (left hand)
 y - an amulet of regeneration
 F - a ring of flight
 L - a +4 ring of protection (right hand)
 N - a ring of protection from cold
 R - a ring of poison resistance
 T - an amulet of faith (around neck)
Wands
 B - a wand of flame (46)
 D - a wand of light (9)
 G - a wand of iceblast (7)
 H - a wand of mindburst (12)
 S - a wand of charming (3)
 V - a wand of polymorph (2)
Scrolls
 i - 2 scrolls of summoning
 t - a scroll of silence
 v - 2 scrolls of immolation
 w - 6 scrolls of teleportation
 C - 2 scrolls of enchant armour
 O - 2 scrolls of magic mapping
 P - 2 scrolls of blinking
 U - a scroll of enchant weapon
 W - a scroll of identify
Potions
 f - 5 potions of lignification
 g - 9 potions of mutation
 h - 3 potions of ambrosia
 k - 6 potions of attraction
 l - 4 potions of haste
 o - 5 potions of heal wounds
 p - 17 potions of curing
 s - 2 potions of degeneration
 z - 6 potions of might
 I - 3 potions of flight
 K - a potion of invisibility


   Skills:
 + Level 12.8 Fighting
 - Level 20.0 Polearms
 + Level 13.8 Throwing
 + Level 8.2 Armour
 - Level 2.6 Dodging
 - Level 6.0 Evocations


You had 14 spell levels left.
You didn't know any spells.
Your spell library was empty.

Dungeon Overview and Level Annotations

Branches:
Dungeon (12/15)            Temple (1/1) D:4            Lair (5/5) D:11
 Shoals (0/4) Lair:2       Spider (0/4) Lair:3        Slime (0/5) Lair:5
    Orc (0/2) D:12         Bailey (visited)

Altars:
Ashenzari
Cheibriados
Elyvilon
Fedhas
Gozag
Hepliaklqana
Kikubaaqudgha
Makhleb
Nemelex Xobeh
Qazlal
Ru
Trog
Xom
Yredelemnul
Jiyva

Shops:
D:2 =   D:5 *   D:9 [=(((   D:12 :

Annotations:
D:6 exclusion: 4 doors
Lair:5 Nessos


Innate Abilities, Weirdness & Mutations

You are very nimble when in or above water. (Stealth+, EV+, Speed+++)
Your lower body shifts to a powerful aquatic tail in water.


Message History

You are more poisoned.
You feel extremely sick.
The plant is engulfed in dark miasma.
Nessos closely misses you. Nessos barely misses you.
You closely miss Nessos.
You feel extremely sick. Nessos bites you.
You closely miss Nessos.
You feel extremely sick.
A nearby plant withers and dies.
Nessos breathes miasma at you.
The foul vapour engulfs you but does no damage.
Nessos bites you but does no damage.
Your legs become a tail as you enter the water.
Your +2 pair of boots melds into your body.
You are engulfed in dark miasma.
You are more poisoned.
You feel extremely sick.
The plant is engulfed in dark miasma.
The plant begins to die.
Nessos breathes miasma at you. The foul vapour engulfs you.
You are lethally poisoned!
You feel as though you will be slow longer.
You feel a strong urge to attack something.
You are engulfed in dark miasma.
You are more poisoned.
You feel as though you will be slow longer.
You are no longer berserk.
You are exhausted.
You feel as though you will be slow longer.
* * * LOW HITPOINT WARNING * * *
You feel extremely sick.
The plant is engulfed in dark miasma.
Nessos bites you but does no damage.
As you read the scroll of fear, it crumbles to dust.
You assume a fearsome visage.
Nessos looks frightened!
You are engulfed in dark miasma.
You are more poisoned.
You feel as though you will be slow longer.
* * * LOW HITPOINT WARNING * * *
You die...

..~.~~~~ #~~.~†~~~#≈~~~#≈~.~####.
..#.~~~~~#~~~.~~~##~~~~~~.~.##...
..#..~~~~~≈~~~.~.##~~~P~≈........
~~≈~~~~~~~~#..~≈~~~.......
~~≈~~~~~~~~##.~~~~~.~......
~~~~~~~~~°°°##≈~~~.........
~~~~~≈≈°○°°##~~~~........#
~~P~≈≈≈°k°°##.~~..........
~~≈≈~≈~~P@°°##~...........
~~~~~≈~~°°°°##.~~.....#...
~~~≈~~~~~~~~~#.~..c...####
~..~~~~~.....####....##
~.~.~.~~..####........#
.......([##.....:..###
.#................#
#........§....#### ......xnxk..#


You could see Nessos the death drake (fleeing, catching breath).

Vanquished Creatures
  Rupert (Lair:3)
  Gastronok (Lair:1)
  A tentacled starspawn (Abyss:2)
  A balrug (Abyss:2)
  An orc warlord (Bailey)
  A slime creature (D:12)
  The ghost of Vade Gum the Slicer, a journeyman DsGl of Uskayaw (Lair:3)
  6 hydras
  A two-headed ogre (D:12)
  A thrashing horror (Abyss:2)
  Amaemon (D:8)
  A skyshark (Lair:3)
  4 sun demons (Abyss:2)
  2 goliath frogs (Lair:5)
  Pikel (D:4)
  A lindwurm (Lair:3)
  2 manticores (D:11)
  An ugly thing (D:11)
  2 elephants (Lair:2)
  A worldbinder (Lair:5)
  4 cyclopes
  An elephant (shapeshifter) (D:10)
  2 black mambas
  Joseph (D:8)
  A merfolk siren (Lair:2)
  2 torpor snails
  2 orange demons
  15 cane toads
  Psyche (D:8)
  2 unseen horrors (D:12)
  A tormentor (Abyss:2)
  5 komodo dragons
  4 rime drakes
  An ancient zyme (Abyss:2)
  3 trolls
  A polar bear (Lair:5)
  2 tyrant leeches (Lair:5)
  23 dream sheep
  13 blink frogs
  2 jumping spiders (Lair:3)
  2 culicivoras (Lair:3)
  Sigmund (D:4)
  2 wyverns
  2 wraiths
  5 starcursed masses (Abyss:2)
  A basilisk (Lair:4)
  2 steam dragons
  55 yaks
  A ynoxinul (Abyss:2)
  20 vampire mosquitoes
  Grum (D:9)
  Menkaure (D:7)
  5 wargs
  8 water moccasins
  4 acid dragons
  2 small abominations
  7 orc warriors
  A sky beast (D:5)
  2 black bears
  2 centaurs (D:9)
  6 ogres (D:6)
  23 wolves
  A phantom (D:7)
  3 kobold brigands
  13 bullfrogs
  2 scorpions
  5 gnoll sergeants
  A wight (D:8)
  12 killer bees
  16 howler monkeys
  2 electric eels
  A jelly (D:4)
  14 hounds
  8 orc priests
  5 gnoll boudas
  7 hell rats (Lair:2)
  3 sleepcaps
  7 iguanas
  22 orc wizards
  11 adders
  23 gnolls
  2 ufetubi (D:4)
  4 dart slugs
  50 orcs
  6 endoplasms
  3 giant cockroaches (D:1)
  12 goblins
  13 hobgoblins
  7 jackals (D:1)
  19 kobolds
  7 quokkas
  10 ball pythons
  7 bats
  3 frilled lizards
  5 rats
  A lurking horror (Abyss:2)
575 creatures vanquished.

Vanquished Creatures (collateral kills)
  A thrashing horror (Abyss:2)
  A komodo dragon (Lair:4)
  2 freezing wraiths (Abyss:2)
  2 raiju (Abyss:2)
  A ynoxinul (Abyss:2)
7 creatures vanquished.

Vanquished Creatures (others)
  16 fungi
  77 plants
93 creatures vanquished.

Grand Total: 675 creatures vanquished

Notes
Turn   | Place    | Note
-------+----------+-------------------------------------------
     0 | D:1      | jejorda2 the Merfolk Berserker began the quest for the Orb.
     0 | D:1      | Reached XP level 1. HP: 18/18 MP: 1/1
    57 | D:1      | Reached XP level 2. HP: 24/24 MP: 2/2
   280 | D:1      | Reached skill level 5 in Polearms
   288 | D:1      | Reached XP level 3. HP: 30/30 MP: 3/3
   551 | D:1      | Found a faded altar of an unknown god.
   731 | D:1      | Reached ** piety under Trog
   849 | D:2      | Reached XP level 4. HP: 37/37 MP: 4/4
   924 | D:2      | Found Peexadd's Jewellery Shop.
  1046 | D:2      | Found a sparkling altar of Nemelex Xobeh.
  1446 | D:2      | Reached skill level 6 in Polearms
  1646 | D:3      | Reached XP level 5. HP: 43/43 MP: 5/5
  1985 | D:3      | Reached skill level 7 in Polearms
  2526 | D:3      | Reached *** piety under Trog
  2724 | D:3      | Reached XP level 6. HP: 50/50 MP: 6/6
  2943 | D:4      | Reached skill level 5 in Fighting
  3021 | D:4      | Identified the +1 ring mail "Keibef" {rC- Str+4 Slay+2
                  | Stlth+}
  3111 | D:4      | Found a sacrificial altar of Ru.
  3115 | D:4      | Reached skill level 8 in Polearms
  3273 | D:4      | Reached XP level 7. HP: 56/56 MP: 7/7
  3361 | D:4      | Found an opulent altar of Gozag.
  3430 | D:4      | Noticed Sigmund
  3444 | D:4      | Killed Sigmund
  3445 | D:4      | Reached skill level 9 in Polearms
  3606 | D:4      | Found a staircase to the Ecumenical Temple.
  3767 | D:4      | Noticed Pikel
  3777 | D:4      | Killed Pikel
  3778 | D:4      | Reached skill level 11 in Polearms
  3778 | D:4      | Reached XP level 8. HP: 64/64 MP: 8/8
  3879 | D:4      | Reached skill level 12 in Polearms
  3989 | D:5      | Entered Level 5 of the Dungeon
  4013 | Temple   | Entered the Ecumenical Temple
  4197 | D:5      | Found Mudeogh's Overcharged Wands.
  4456 | D:5      | Found a stormy altar of Qazlal.
  4554 | D:5      | Reached XP level 9. HP: 69/69 MP: 9/9
  5136 | D:6      | Reached skill level 13 in Polearms
  5318 | D:6      | Reached **** piety under Trog
  5481 | D:6      | Reached skill level 14 in Polearms
  5825 | D:6      | Reached skill level 5 in Armour
  5857 | D:6      | Reached XP level 10. HP: 71/76 MP: 10/10
  5972 | D:6      | Reached skill level 15 in Polearms
  6140 | D:6      | Reached skill level 1 in Evocations
  6301 | D:6      | Found an ancient bone altar of Kikubaaqudgha.
  6302 | D:6      | Found a blossoming altar of Fedhas.
  6379 | D:6      | Reached ***** piety under Trog
  6516 | D:7      | Identified the +9 dagger of Ignis's Reproof {speed, Drain
                  | rPois rCorr Str+5}
  6719 | D:7      | Noticed Menkaure
  6727 | D:7      | Killed Menkaure
  6798 | D:7      | Found a broken altar of Ashenzari.
  6967 | D:8      | Noticed Psyche
  6980 | D:8      | Noticed Joseph
  6984 | D:8      | Killed Psyche
  6985 | D:8      | Reached skill level 16 in Polearms
  6996 | D:8      | Killed Joseph
  7272 | D:8      | Found a hazy altar of Hepliaklqana.
  7503 | D:8      | Noticed an orange demon
  7504 | D:8      | Noticed Amaemon
  7518 | D:8      | Killed Amaemon
  7519 | D:8      | Reached skill level 1 in Throwing
  7519 | D:8      | Reached XP level 11. HP: 82/82 MP: 11/11
  7796 | D:9      | Found Yvvoush's Antique Weapon Shop.
  7896 | D:9      | Found Halirhor's Weapon Shop.
  7924 | D:9      | Reached skill level 5 in Evocations
  8051 | D:9      | Noticed Grum
  8081 | D:9      | Killed Grum
  8308 | D:9      | Found Xuab's Jewellery Emporium.
  8317 | D:9      | Found Gesil's Armour Emporium.
  8551 | D:9      | Found Wuemafud's Weapon Shop.
  8905 | D:10     | Entered Level 10 of the Dungeon
  9149 | D:10     | Found a flagged portal.
  9164 | Bailey   | Entered a bailey
  9192 | Bailey   | Noticed an orc warlord
  9269 | Bailey   | Reached skill level 17 in Polearms
  9336 | Bailey   | Found a runed translucent gate.
  9338 | Bailey   | Found a runed translucent gate.
  9340 | Bailey   | Found a runed translucent gate.
  9400 | Bailey   | Killed an orc warlord
  9412 | Bailey   | Identified the amulet "Yshriafa" {Reflect rPois rC+ MP+9
                  | SH+5}
  9538 | Bailey   | Acquired the +2 cloak of Misanthropy {Str+5}
  9594 | D:10     | Found a snail-covered altar of Cheibriados.
  9868 | D:10     | Noticed a cyclops
  9880 | D:10     | Killed a cyclops
  9982 | D:11     | Reached skill level 5 in Throwing
 10060 | D:11     | Noticed a cyclops
 10121 | D:11     | Killed a cyclops
 10122 | D:11     | Reached XP level 12. HP: 90/94 MP: 12/12
 10575 | D:11     | Found a staircase to the Lair.
 10980 | D:12     | Found Cuprueco's Book Emporium.
 11021 | D:12     | Reached skill level 18 in Polearms
 11155 | D:12     | HP: 1/142 [titanic slime creature (85)]
 11388 | D:12     | Noticed a two-headed ogre
 11391 | D:12     | Killed a two-headed ogre
 11449 | D:12     | Found a staircase to the Orcish Mines.
 11683 | Lair:1   | Entered Level 1 of the Lair of Beasts
 11703 | Lair:1   | Noticed Gastronok
 11758 | Lair:1   | Killed Gastronok
 11963 | Lair:1   | Reached skill level 10 in Fighting
 11992 | Lair:1   | Reached XP level 13. HP: 103/103 MP: 13/13
 12722 | Lair:2   | Received a gift from Trog
 12894 | Lair:2   | Reached skill level 10 in Throwing
 12984 | Lair:2   | Reached skill level 19 in Polearms
 13563 | Lair:2   | Found a staircase to the Shoals.
 13892 | Lair:3   | Reached skill level 20 in Polearms
 13951 | Lair:3   | Found a runed translucent door.
 13951 | Lair:3   | Noticed Vade Gum's ghost (journeyman DsGl)
 13965 | Lair:3   | Killed Vade Gum's ghost
 14032 | Lair:3   | Noticed Rupert
 14036 | Lair:3   | Paralysed by Rupert for 5 turns
 14047 | Lair:3   | HP: 4/104 [Rupert/+2 great sword of protection (12)]
 14369 | Lair:3   | Killed Rupert
 14725 | Lair:3   | Found a hole to the Spider Nest.
 15140 | Lair:4   | Reached XP level 14. HP: 111/111 MP: 14/14
 16051 | Lair:5   | Entered Level 5 of the Lair of Beasts
 16161 | Lair:5   | Found a viscous altar of Jiyva.
 16161 | Lair:5   | Found a staircase to the Slime Pits.
 16228 | Lair:5   | Received a gift from Trog
 16878 | Lair:5   | Found the +8 arc blade {discharge, rElec}
 17245 | Lair:5   | Noticed Nessos
 17251 | Abyss:2  | Found a corrupted altar of Lugonu.
 17251 | Abyss:2  | Cast into level 2 of the Abyss (Nessos)
 17411 | Abyss:2  | Noticed a balrug
 17424 | Abyss:2  | Killed a balrug
 17427 | Abyss:2  | Received a gift from Trog
 17577 | Abyss:2  | Noticed a starcursed mass
 17591 | Abyss:2  | Reached XP level 15. HP: 74/122 MP: 15/15
 17600 | Abyss:2  | Noticed a tentacled starspawn
 17603 | Abyss:2  | Killed a tentacled starspawn
 17606 | Lair:5   | Escaped the Abyss
 17746 | Lair:5   | Nessos changed into Nessos the death drake
 17746 | Lair:5   | Noticed Nessos
 17755 | Lair:5   | Succumbed to Nessos's dark miasma

Illustrated notes

Levels and vault maps discovered:
D:1:      mrwooster_arrival_arrow, layout_basic, ebering_ecumenical_altar_mist
D:2:      layout_basic, serial_shops, shop, basic_altar, minmay_misc_feat_alley,
          grunt_decor_arrowhead, minmay_pentomino_x2
D:3:      minmay_angry_zag, layout_basic, minmay_randomly_rotated_circles
D:4:      layout_basic, lemuel_doored_altar,
          nicolae_ru_great_annihilating_truth, minmay_temple_entry_proselytizer,
          minmay_close_crescents, uniq_sigmund, uniq_pikel
D:5:      layout_cave_pods, kennysheep_mini, nicolae_shop_overcharged_wands
D:6:      lemuel_castle_with_subvaults [lemuel_castle_interior_carwin_2],
          layout_basic, grunt_temple_overflow_growth_and_decay,
          minmay_misc_feat_more_columns, minmay_misc_feat_chi, minmay_puff
D:7:      layout_rooms, evilmike_ruin_ashenzari, uniq_menkaure
D:8:      minmay_flawed_box, layout_loops_cross, marbit_many_paths, uniq_joseph,
          uniq_psyche, uniq_amaemon
D:9:      layout_stronghold, serial_shops, nicolae_shop_bloodbath_and_beyond,
          nicolae_shop_tiny_waterfront, shop, nicolae_shop_tiny_waterfront,
          nicolae_shop_window_shopping, uniq_grum
D:10:     layout_roguey, overflow_temple_1_default, enter_bailey_8
D:11:     layout_roguey, lair_entry_dummy
D:12:     layout_loops_cross, minmay_orc_entry_guard_dogs, serial_shops,
          kennysheep_mini_moat
Temple:   compressed_dpeg_circular_temple
Lair:1:   layout_gridlike, minivault_27, uniq_gastronok
Lair:2:   layout_roguey, minmay_shoals_entry_lonely_mermaid, ldierk_geyser,
          ldierk_geyser, minmay_shattered_shrine
Lair:3:   layout_roguey, spider_nest_entry_funnel_web,
          ebering_ghost_inner_flame, uniq_rupert
Lair:4:   layout_regular_city
Lair:5:   minmay_lair_end_frog_pond, layout_hall_layers, slime_entry_1,
          uniq_nessos

Skill      XL: |  1  2  3  4  5  6  7  8  9 10 11 12 13 14 |
---------------+-------------------------------------------+-----
Polearms       | 5 6 7 8 11 12 14 16 17 18 20 | 20.0
Fighting       | 4 5 6 8 10 12 | 12.8
Armour         | 3 5 6 8 |  8.2
Evocations     | 4 6 |  6.0
Throwing       | 1 5 9 12 13 | 13.8
Dodging        | |  2.6

Action                     |  1- 3 |  4- 6 |  7- 9 | 10-12 | 13-15 || total
---------------------------+-------+-------+-------+-------+-------++-------
  Melee: Spear             |   112 |    34 |       |       |       ||   146
         Trident           |       |   236 |    21 |       |    24 ||   281
         Punch             |       |     1 |       |       |       ||     1
         Halberd           |       |       |   210 |   798 |    56 ||  1064
         Tailslap          |       |       |     4 |     1 |     2 ||     7
         Glaive            |       |       |       |       |   405 ||   405
  Throw: Stone             |       |     3 |     4 |     1 |       ||     8
         Dart              |       |       |       |    19 |    47 ||    66
         Boomerang         |       |       |       |       |    12 ||    12
 Invoke: Berserk           |     2 |     4 |     6 |    11 |    10 ||    33
         Trog's Hand       |       |     3 |     2 |     6 |     8 ||    19
         Brothers in Arms  |       |       |       |     1 |     4 ||     5
  Evoke: Wand              |       |       |       |       |     4 ||     4
    Use: Scroll            |       |       |    15 |    12 |     7 ||    34
         Potion            |       |       |       |       |     3 ||     3
   Stab: Paralysed         |       |     1 |       |       |       ||     1
         Distracted        |       |       |       |     1 |     3 ||     4
 Armour: Animal skin       |     5 |       |       |       |       ||     5
         Ring mail         |     8 |       |       |       |       ||     8
         Chain mail        |    18 |   105 |    71 |   151 |       ||   345
         Plate armour      |       |       |       |    91 |   270 ||   361
  Dodge: Dodged            |    49 |    80 |    84 |   195 |   160 ||   568
  Block: Other             |       |       |       |    27 |     3 ||    30

Table legend: (Time is in decaauts)
 A = Elapsed time spent in this place.
 B = Non-inter-level travel time spent in this place.
 C = Inter-level travel time spent in this place.
 D = Time resting spent in this place.
 E = Time spent auto-exploring this place.
 F = Levels seen in this place.
 G = Mean time per level.
                   A        B        C        D        E       F      G
               +--------+--------+--------+--------+--------+-----+--------+
         Total |  17602 |  16956 |    646 |   2346 |  10856 |  20 |  880.1 |
       Dungeon |  11114 |  10629 |    485 |    914 |   7334 |  12 |  926.2 |
        Temple |     36 |     22 |     14 |      0 |     18 |   1 |   36.0 |
          Lair |   5728 |   5581 |    147 |   1162 |   3408 |   5 | 1145.6 |
         Abyss |    370 |    370 |      0 |    269 |      5 |   1 |  370.0 |
        Bailey |    351 |    351 |      0 |      0 |     89 |   1 |  351.0 |
               +--------+--------+--------+--------+--------+-----+--------+

Top non-repeatable levels by time:
  Lair:4: 1537 daAuts
     D:3: 1427 daAuts
     D:6: 1335 daAuts
     D:4: 1117 daAuts
  Lair:2: 1110 daAuts
     D:9: 1088 daAuts
  Lair:5: 1064 daAuts
  Lair:3: 1059 daAuts
  Lair:1: 957 daAuts
     D:5: 915 daAuts
    D:12: 878 daAuts
    D:11: 868 daAuts
     D:8: 841 daAuts
     D:1: 793 daAuts
     D:2: 756 daAuts
